 Dungeon Crawl Stone Soup version 0.20-a0-490-g2d938b1 (webtiles) character file.

197526 M4edhros the Blocker (level 18, 0/114 HPs)
             Began as an Octopode Artificer on Jan 15, 2017.
             Was the Champion of Fedhas.
             Slain by an anaconda (13 damage)
             ... on level 4 of the Snake Pit.
             The game lasted 02:21:36 (34991 turns).

M4edhros the Blocker (Octopode Artificer)          Turns: 34991, Time: 02:21:37

Health: 0/114      AC:  6    Str: 27 (28) XL:     18   Next: 41%
Magic:  62/62      EV: 22    Int: 22 (24) God:    Fedhas [******]
Gold:   1029       SH: 23    Dex: 15 (17) Spells: 10/41 levels left

rFire    + + .     SeeInvis .   t - +3 eveningstar "Yrosh" {crush, Fragile +Fly rElec Str+6}
rCold    x . .     Gourm    .   i - +5 shield {reflect}
rNeg     + + +     Faith    .   G - +3 hat of Pondering {ponderous, MR+ MP+10 Int+5}
rPois    +         Spirit   .   n - amulet of regeneration
rElec    +         Reflect  +   V - ring of Finun {rN+ MR+}
rCorr    .         Harm     .   s - ring of magical power
MR       ++++.                  P - ring of Veefadyd {Wiz rF+ rN+ Stlth-}
Stlth    ++++......             R - ring of positive energy
Regen    0.6/turn               y - +2 ring of evasion
                                N - ring of magical power
                                Z - ring "Vymodof" {Fire Dex-2 Slay+5}
                                X - ring "Qaokhid" {Wiz *Drain rElec Str+9 Int+4}

@: lethally poisoned (0 -> -2), studying Polearms, slow
A: almost no armour, stealthy swim, amphibious, 8 rings, constrict 8, beak, icy
blue scales 1, large bone plates 1, camouflage 1, blurry vision 1, clever 1,
deterioration 1, magic resistance 1, sense surroundings 1, poison resistance,
gelatinous body 1, no potion heal 1
}: 1/15 runes: decaying
a: Fungal Bloom, Evolution, Sunlight, Growth, Reproduction, Rain, Renounce
Religion, Evoke Flight


You were on level 4 of the Snake Pit.
You worshipped Fedhas.
Fedhas was exalted by your worship.
You were not hungry.

You visited 6 branches of the dungeon, and saw 32 of its levels.
You visited the Abyss 1 time.
You also visited: Sewer.

You collected 4176 gold pieces.
You spent 3147 gold pieces at shops.

Inventory:

Hand Weapons
 t - the +3 eveningstar "Yrosh" (weapon) {crush, Fragile +Fly rElec Str+6}
   (You found it on level 15 of the Dungeon)

   It inflicts extra damage upon your enemies.
   It affects your strength (+6).
   It insulates you from electricity.
   It lets you fly.
   It will be destroyed if unequipped.
 M - the +9 staff of Olgreb {rPois}
   (You found it on level 8 of the Dungeon)

   It protects you from poison.
Missiles
 c - 12 curare-tipped needles
 k - 787 stones (quivered)
 U - 148 sling bullets
Armour
 i - a +5 shield of reflection (worn)
 G - the +3 hat of Pondering (worn) {ponderous, MR+ MP+10 Int+5}
   (You acquired it on level 12 of the Dungeon)

   It affects your intelligence (+5).
   It affects your resistance to hostile enchantments.
   It affects your magic capacity (+10).
Jewellery
 e - an uncursed amulet of magic regeneration
 j - an uncursed ring of ice
 n - an amulet of regeneration (around mantle)
 s - a ring of magical power (right tentacle)
 y - a +2 ring of evasion (on tentacle)
 N - a ring of magical power (on tentacle)
 P - the ring of Veefadyd (on tentacle) {Wiz rF+ rN+ Stlth-}
   (You took it off an orc warrior on level 8 of the Dungeon)

   [ring of wizardry]

   It improves your spell success rate.
   It protects you from fire.
   It protects you from negative energy.
   It makes you less stealthy.
 R - a ring of positive energy (on tentacle)
 V - the ring of Finun (left tentacle) {rN+ MR+}
   (You found it on level 1 of the Lair of Beasts)

   [ring of protection from magic]

   It protects you from negative energy.
   It affects your resistance to hostile enchantments.
 X - the ring "Qaokhid" (on tentacle) {Wiz *Drain rElec Str+9 Int+4}
   (You bought it in a shop on level 3 of the Snake Pit)

   [ring of wizardry]

   It improves your spell success rate.
   It affects your strength (+9).
   It affects your intelligence (+4).
   It insulates you from electricity.
   It causes draining when unequipped.
 Z - the ring "Vymodof" (on tentacle) {Fire Dex-2 Slay+5}
   (You bought it in a shop on level 3 of the Snake Pit)

   [ring of fire]

   It enhances your fire magic.
   It affects your dexterity (-2).
   It affects your accuracy and damage with ranged weapons and melee attacks
   (+5).
   It protects you from fire.
   It makes you vulnerable to cold.
Wands
 d - a wand of enslavement (12/24)
 f - a wand of lightning (0/15)
 o - a wand of clouds (4/9)
 r - a wand of clouds (2/9)
 w - a wand of polymorph (4/24)
 x - a wand of iceblast (3/15)
 z - a wand of flame (29/48)
 Q - a wand of iceblast (5/15)
 S - a wand of scattershot (1/9)
 T - a wand of flame (12/48)
Scrolls
 p - 2 scrolls of summoning
 q - 2 scrolls of blinking
 u - 2 scrolls of remove curse
 v - 5 scrolls of teleportation
 J - a scroll of identify
 K - 4 scrolls of magic mapping
 Y - 2 scrolls of fear
Potions
 a - 4 potions of berserk rage
 h - 2 potions of invisibility
 m - 4 potions of curing
 A - 3 potions of might
 B - 3 potions of brilliance
 C - a potion of magic
 D - a potion of resistance
 F - 2 potions of agility
 O - 5 potions of haste
Books
 l - a manual of Polearms
Miscellaneous
 I - 2 phantom mirrors
 W - a lightning rod (inert)
Comestibles
 E - 20 bread rations
 H - 34 fruits
 L - 7 beef jerkies


   Skills:
 - Level 7.0 Fighting
   Level 1.0 Short Blades
 - Level 4.5(6.2) Maces & Flails
 - Level 4.8(6.4) Polearms
 - Level 6.5(7.9) Staves
 - Level 11.1 Dodging
 - Level 8.8 Stealth
 * Level 13.5 Shields
 - Level 12.0 Spellcasting
 - Level 11.5 Conjurations
 - Level 8.3 Charms
 - Level 3.0 Summonings
 - Level 5.5 Air Magic
 - Level 11.4 Invocations
 - Level 12.3 Evocations


You had 10 spell levels left.
You knew the following spells:

 Your Spells              Type           Power        Failure   Level  Hunger
b - Searing Ray           Conj           ######       1%          2    None
c - Dazzling Spray        Conj/Hex       #####.       1%          3    None
d - Iskenderun's Mystic   Conj           ######..     1%          4    None
e - Iskenderun's Battles  Conj/Chrm      ######..     1%          5    ####...
f - Fulminant Prism       Conj/Hex       #####.....   2%          4    None
g - Summon Lightning Spi  Summ/Air       ####....     3%          4    None
h - Regeneration          Chrm/Necr      ####......   1%          3    None
i - Deflect Missiles      Chrm/Air       #####.....   22%         6    #####..


Dungeon Overview and Level Annotations

Branches:
Dungeon (15/15)            Temple (0/1) D:7            Lair (6/6) D:8
  Swamp (4/4) Lair:4        Snake (4/4) Lair:4        Slime (0/5) Lair:5
    Orc (2/2) D:9             Elf (1/3) Orc:2        Vaults (0/5) D:14
 Depths (0/5) D:15

Altars:
Cheibriados
Fedhas
Nemelex Xobeh
Qazlal
Trog
Uskayaw
Vehumet
Xom
Beogh

Shops:
D:11 ?   Orc:2 }[=[(   Snake:2 *[!*}   Snake:3 [?=

Annotations:
Snake:4 Vashnia


Innate Abilities, Weirdness & Mutations

You cannot wear most types of armour.
You are very stealthy in the water. (Stealth+)
You are amphibious.
You can wear up to eight rings at the same time.
You can use your tentacles to constrict eight enemies at once.
Your skin changes colour to match your surroundings (Stealth+).
Your rubbery body absorbs attacks. (AC +1, EV +1)
You have a beak for a mouth.
You are partially covered in icy blue scales. (AC +2)
You are partially covered in large bone plates. (SH +4)
Scrolls take you a little longer to read.
Your mind is acute. (Int +2)
Your body sometimes deteriorates upon taking damage.
You are resistant to hostile enchantments. (MR+)
You passively map a small area around you.
Your system is resistant to poisons. (rPois)
Potions are less effective at restoring your health.


Message History

Unknown command.
Really read with blurry vision while enemies are nearby?
You feel sick.
You block the naga ritualist's attack. x2
You begin reading the scroll.
You continue reading the scroll.
You feel sick.
* * * LOW HITPOINT WARNING * * *
You are more poisoned.
* * * LOW HITPOINT WARNING * * *
The naga warrior seems to regain its courage.
The naga mage seems to regain its courage.
You block the anaconda's attack. The anaconda barely misses you.
The guardian serpent casts a spell.
The anaconda blinks into view!
The naga blinks!
The naga sharpshooter blinks!
The nagaraja hits you from afar with a halberd!
* * * LOW HITPOINT WARNING * * *
You block the anaconda's attack. The anaconda barely misses you.
The naga gibbers meaninglessly.
The anaconda closely misses you. The anaconda bites you!
You die...
Fedhas appreciates your contribution to the ecosystem. * ** #N##N ,,, #.#..,* N...## ,#N'.. * .....# *.'..# , N....#* , ,, , #?.N##,SS...# . #...## .NN# .N , #SNN##NS# N.S

, ,,*
#@NNSN##.SN.
* , , *
##SNN..N...N
*
##NSNN....N
* ##N.(##N.N
, , *
##...#*.. ,
#...# * * **
** #.S.#* ,
,, , #..N.
** , *, #...
,


You could see Vashnia, 2 naga warriors, a nagaraja, 3 naga sharpshooters, 5
anacondas, 3 naga ritualists, a guardian serpent, a naga mage and 6 nagas.

Vanquished Creatures
  Nikola (Swamp:2)
  Frances (D:13)
  Gastronok (Orc:1)
  Donald (Snake:2)
  A nagaraja (Snake:3)
  An orc warlord (Orc:2)
  A stone giant (Orc:1)
  A lorocyproca (Abyss:2)
  Josephine (Lair:5)
  3 fire dragons (Swamp:4)
  2 green deaths (Snake:3)
  An ogre mage (D:15)
  A yaktaur captain (D:15)
  8 naga warriors
  Harold (Lair:3)
  An ice dragon (D:14)
  19 hydras
  A ghost crab (Swamp:4)
  15 anacondas
  12 two-headed ogres
  3 death yaks (Lair:5)
  A centaur warrior (D:15)
  A tengu warrior (D:15)
  3 alligators
  2 thrashing horrors (Abyss:2)
  A dancing weapon (Elf:1)
  2 orc high priests (Orc:2)
  2 wretched stars (Abyss:2)
  3 naga sharpshooters
  Sonja (Orc:2)
  6 shock serpents
  A fire crab (Swamp:4)
  2 salamander mystics
  2 spriggan druids
  2 unseen horrors
  8 swamp dragons
  A deep troll (D:14)
  9 naga ritualists
  A wizard (D:15)
  3 orc knights
  3 wandering mushrooms
  3 lindwurms
  A deep elf mage (D:12)
  10 mana vipers
  An ugly thing (D:11)
  A faun (shapeshifter) (D:14)
  4 orc sorcerers
  2 cyclopes (D:13)
  9 salamanders
  9 elephants (Lair:5)
  29 black mambas
  5 large abominations (Abyss:2)
  2 smoke demons (Abyss:2)
  2 apocalypse crabs
  2 guardian serpents
  Maurice (D:8)
  A spiny frog (shapeshifter) (D:13)
  A guardian serpent (shapeshifter) (D:15)
  Psyche (D:10)
  A gargoyle (D:15)
  12 naga magi
  21 spiny frogs
  3 kobold demonologists (D:15)
  8 komodo dragons
  3 rime drakes
  An ice devil (Abyss:2)
  A yaktaur (D:15)
  3 meliai (D:15)
  A polar bear (shapeshifter) (D:14)
  8 trolls
  A tengu conjurer (D:15)
  7 tyrant leeches
  4 polar bears
  3 hornets
  8 hippogriffs
  7 slime creatures
  A raiju (Abyss:2)
  21 blink frogs
  2 shadows
  2 ynoxinuls (Abyss:2)
  24 yaks
  3 spriggans
  3 wraiths
  2 water elementals
  3 chaos spawn (Abyss:2)
  3 wyverns
  31 vampire mosquitoes
  A fire bat (Abyss:2)
  3 fire elementals (D:13)
  7 basilisks
  2 steam dragons (Swamp:4)
  3 soldier ants
  4 wargs
  23 swamp worms
  5 insubstantial wisps (Swamp:3)
  33 nagas
  15 water moccasins
  An acid dragon (D:12)
  A hell hound (D:13)
  6 porcupines
  20 swamp drakes
  34 orc warriors
  4 sky beasts
  14 ogres
  A phantom (D:15)
  A slave (D:7)
  4 ice beasts
  4 black bears
  An eye of draining (Abyss:2)
  A necrophage (D:7)
  12 wolves
  9 centaurs
  7 big kobolds
  21 crocodiles
  Blork the orc (D:4)
  27 bullfrogs
  A wyvern skeleton (D:14)
  3 scorpions
  4 killer bees
  4 wights (D:14)
  5 howler monkeys (D:8)
  An electric eel (Lair:6)
  The ghost of Vesto the Firebug, a weakling OpFE (D:3)
  3 lava snakes (Swamp:4)
  2 bullfrog zombies
  4 crimson imps
  2 starcursed masses (Abyss:2)
  6 bullfrog skeletons
  4 jellies
  2 quasits
  4 hounds
  11 centaur skeletons
  20 orc priests
  4 iguanas
  32 orc wizards
  Natasha (twice) (D:2)
  5 hell rats (Lair:6)
  7 worker ants
  4 hound skeletons
  8 gnolls
  A river rat (Sewer)
  20 adders
  A howler monkey skeleton (D:8)
  2 shadow imps (D:5)
  6 oozes
  2 adder skeletons
  8 worms
  A dart slug (D:1)
  6 leopard geckos
  87 orcs
  9 ball pythons
  6 giant cockroaches
  9 hobgoblins
  A jackal (D:2)
  5 quokkas
  14 bats
  4 frilled lizards
  5 goblins
  2 jackal skeletons (D:5)
  33 kobolds
  2 quokka skeletons
  17 rats
  4 ballistomycetes
  14 ballistomycete spores
  3 toadstools (Lair:6)
1067 creatures vanquished.

Vanquished Creatures (collateral kills)
  Agnes (Snake:2)
  Louise (Snake:1)
  Erolcha (D:10)
  2 naga warriors
  2 hydras
  An anaconda (Snake:2)
  A death knight (D:8)
  The ghost of marsu the Basher, a novice OgBe of Trog (D:10)
  2 alligators
  A two-headed ogre (D:9)
  A death yak (Lair:5)
  A shock serpent (Snake:3)
  2 naga sharpshooters (Snake:3)
  2 slime creatures
  An orc knight (Orc:2)
  A mana viper (Snake:3)
  An ugly thing (D:12)
  4 elephants (Lair:5)
  A black mamba (Snake:2)
  Joseph (D:10)
  A naga mage (Snake:3)
  A gargoyle (D:13)
  A spiny frog (Lair:1)
  3 komodo dragons
  2 tyrant leeches
  A hellwing (Abyss:2)
  2 polar bears
  A jumping spider (shapeshifter) (Abyss:2)
  A large abomination (Abyss:2)
  A troll (D:12)
  A hornet (Swamp:2)
  3 blink frogs
  2 hippogriffs
  A wraith (Lair:5)
  4 yaks
  2 fire elementals (D:13)
  A hungry ghost (D:14)
  3 basilisks
  Grum (D:10)
  2 vampire mosquitoes (Swamp:3)
  2 nagas
  A steam dragon (Swamp:4)
  3 swamp worms
  2 water moccasins
  An acid dragon (D:11)
  6 orc warriors
  5 porcupines
  A meliai simulacrum (D:14)
  2 swamp drakes (Swamp:4)
  2 black bears
  2 wolves (D:8)
  5 ogres
  3 crocodiles
  2 bullfrogs (Lair:6)
  A wyvern skeleton (D:8)
  A scorpion (D:8)
  4 wights (D:9)
  3 killer bees (D:7)
  A howler monkey (D:6)
  2 crimson imps
  A quasit (Abyss:2)
  4 jellies
  2 orc priests
  A hound (D:9)
  Terence (D:2)
  An iguana (D:8)
  2 worker ants
  A hound skeleton (D:4)
  3 gnolls
  2 shadow imps
  An ufetubus (Abyss:2)
  A worm (Swamp:1)
  2 orcs (D:10)
  A quokka zombie (D:8)
  14 ballistomycete spores
  A hyperactive ballistomycete (Orc:1)
  2 toadstools (Swamp:1)
151 creatures vanquished.

Vanquished Creatures (others)
  An alligator (Swamp:4)
  A naga sharpshooter (Snake:3)
  2 swamp dragons (Swamp:4)
  2 wolf spider zombies
  A wizard (D:13)
  A slime creature (Swamp:4)
  A manticore (D:13)
  A spiny frog (Lair:6)
  8 bog bodies
  A hippogriff (D:13)
  A porcupine (Lair:4)
  2 meliai zombies
  2 steam dragons (Swamp:4)
  2 vampire mosquitoes (Swamp:4)
  2 swamp worms
  2 swamp drakes (Swamp:4)
  A hornet zombie (D:9)
  2 slaves (D:7)
  2 bullfrogs (Lair:6)
  A crimson imp (D:7)
  A worker ant (D:4)
  Natasha (D:2)
  An orc wizard (D:9)
  An adder zombie (D:7)
  An orc (Orc:2)
  A quokka (D:7)
  45 wandering mushrooms
  45 ballistomycetes
  23 ballistomycete spores
  A bush (D:7)
  38 fungi
  A hyperactive ballistomycete (Lair:6)
  A lurking horror (Abyss:2)
  76 plants
  1024 toadstools
1296 creatures vanquished.

Grand Total: 2514 creatures vanquished

Notes
Turn   | Place    | Note
-------+----------+-------------------------------------------
     0 | D:1      | M4edhros the Octopode Artificer began the quest for the Orb.
     0 | D:1      | Reached XP level 1. HP: 13/13 MP: 3/3
   192 | D:1      | Reached XP level 2. HP: 17/18 MP: 4/4
   374 | D:3      | Reached XP level 3. HP: 23/23 MP: 5/5
   385 | D:3      | Noticed Vesto's ghost (weakling OpFE)
   392 | D:3      | Killed Vesto's ghost
   392 | D:3      | Reached skill level 5 in Stealth
   392 | D:3      | Reached XP level 4. HP: 21/28 MP: 6/6
   453 | D:4      | Noticed Blork the orc
   462 | D:4      | Killed Blork the orc
   462 | D:4      | Reached XP level 5. HP: 13/33 MP: 7/7
   782 | D:4      | Found a blossoming altar of Fedhas.
   794 | D:4      | Became a worshipper of Fedhas Madash
  1298 | D:1      | Reached * piety under Fedhas
  1551 | D:2      | Noticed Terence
  1720 | D:2      | Killed Terence
  1720 | D:2      | Reached XP level 6. HP: 18/38 MP: 8/8
  1903 | D:2      | Noticed Natasha
  1915 | D:2      | Killed Natasha
  2022 | D:2      | Noticed Natasha
  2030 | D:2      | Your ally died
  2148 | D:2      | Noticed Natasha
  2155 | D:2      | Killed Natasha
  2422 | D:3      | Found a shimmering altar of Xom.
  2723 | D:3      | Reached skill level 1 in Invocations
  2728 | D:3      | Reached ** piety under Fedhas
  3009 | D:3      | Reached skill level 1 in Polearms
  3009 | D:3      | Reached XP level 7. HP: 39/45 MP: 9/9
  4084 | D:4      | Learned a level 1 spell: Magic Dart
  4087 | D:4      | Learned a level 2 spell: Searing Ray
  4316 | D:4      | Reached skill level 1 in Conjurations
  4319 | D:4      | Reached skill level 1 in Spellcasting
  4429 | D:5      | Entered Level 5 of the Dungeon
  4525 | D:5      | Reached XP level 8. HP: 36/52 MP: 10/10
  4569 | D:5      | Found a glowing drain.
  4586 | Sewer    | Entered a sewer
  5352 | D:5      | Gained mutation: You are weak. (Str -2) [mutagenic meat]
  5353 | D:5      | Gained mutation: Your system is resistant to poisons. (rPois) [mutagenic meat]
  5354 | D:5      | Gained mutation: You are partially covered in large bone plates. (SH +4) [mutagenic meat]
  5355 | D:5      | Gained mutation: You are partially covered in icy blue scales. (AC +2) [mutagenic meat]
  5384 | D:5      | Reached *** piety under Fedhas
  6090 | D:6      | Reached XP level 9. HP: 58/58 MP: 13/13
  6422 | D:6      | Learned a level 3 spell: Dazzling Spray
  6427 | D:6      | Learned a level 4 spell: Iskenderun's Mystic Blast
  6433 | D:6      | Learned a level 5 spell: Iskenderun's Battlesphere
  6480 | D:6      | Reached skill level 1 in Charms
  6488 | D:6      | Reached **** piety under Fedhas
  6614 | D:7      | Found a snail-covered altar of Cheibriados.
  6614 | D:7      | Found a stormy altar of Qazlal.
  6614 | D:7      | Found a sparkling altar of Nemelex Xobeh.
  6617 | D:7      | Noticed Pikel
  6648 | D:7      | Noticed Pikel
  6648 | D:7      | Pikel changed into Pikel the spriggan
  6652 | D:7      | Killed Pikel the spriggan
  6720 | D:7      | Found a staircase to the Ecumenical Temple.
  7072 | D:7      | Reached skill level 5 in Conjurations
  7586 | D:8      | nice, staff of olgre
  7586 | D:8      | olgreb :)
  7741 | D:8      | Found a staircase to the Lair.
  7756 | D:8      | Reached XP level 10. HP: 43/65 MP: 16/16
  7770 | D:8      | Noticed Maurice
  7780 | D:8      | Reached skill level 5 in Dodging
  7879 | D:8      | Killed Maurice
  7879 | D:8      | Reached skill level 5 in Spellcasting
  8131 | D:8      | Got a faintly glowing amber ring
  8169 | D:8      | Found a sparkling altar of Nemelex Xobeh.
  8285 | D:8      | Identified the ring of Veefadyd {Wiz rF+ rN+ Stlth-} (You took it off an orc warrior on level 8 of the Dungeon)
  8287 | D:8      | staff of wizardry and ring of wiz rn rf :)
  8287 | D:8      | also magic regen amulet and ring of magic power.... I'm a mage this game!
  8287 | D:8      | fearless mage of fed has!
  8288 | D:8      | Noticed a death knight
  8299 | D:8      | Gained mutation: You expend magic power (3 MP) to strengthen your wands. [potion of mutation]
  8299 | D:8      | Gained mutation: You tend to lose your temper in combat. [potion of mutation]
  8300 | D:8      | Lost mutation: You are weak. (Str -2) [potion of mutation]
  8300 | D:8      | Gained mutation: You are dopey. (Int -2) [potion of mutation]
  8300 | D:8      | Gained mutation: You have a beak for a mouth. [potion of mutation]
  8301 | D:8      | Gained mutation: You evolve. [potion of mutation]
  8301 | D:8      | Gained mutation: You passively map a small area around you. [potion of mutation]
  8302 | D:8      | Lost mutation: You are dopey. (Int -2) [potion of mutation]
  8302 | D:8      | Lost mutation: You tend to lose your temper in combat. [potion of mutation]
  8302 | D:8      | Gained mutation: One of your tentacles bears a spike. [potion of mutation]
  8303 | D:8      | Gained mutation: You rapidly evolve. [potion of mutation]
  8303 | D:8      | Gained mutation: You are frail. (-10% HP) [potion of mutation]
  8462 | D:8      | Gained mutation: Your mind is acute. (Int +2) [evolution]
  8736 | D:8      | Killed a death knight
  8736 | D:8      | Reached skill level 5 in Invocations
  9314 | D:9      | Noticed a two-headed ogre
  9326 | D:9      | Killed a two-headed ogre
  9326 | D:9      | Reached skill level 5 in Charms
  9610 | D:9      | Found a staircase to the Orcish Mines.
  9634 | D:9      | Noticed a two-headed ogre
  9644 | D:9      | Killed a two-headed ogre
  9644 | D:9      | Reached XP level 11. HP: 30/63 MP: 20/20
  9771 | D:9      | Noticed a two-headed ogre
  9789 | D:9      | Killed a two-headed ogre
  9934 | D:9      | Lost mutation: You are frail. (-10% HP) [evolution]
 10225 | D:9      | Lost mutation: You passively map a small area around you. [potion of mutation]
 10225 | D:9      | Gained mutation: You have an increased reservoir of magic. (+10% MP) [potion of mutation]
 10225 | D:9      | Gained mutation: Your body sometimes deteriorates upon taking damage. [potion of mutation]
 10246 | D:10     | Entered Level 10 of the Dungeon
 10331 | D:10     | Noticed marsu's ghost (novice OgBe)
 10342 | D:10     | Killed marsu's ghost
 10349 | D:10     | Killed Grum
 10359 | D:10     | Reached skill level 5 in Evocations
 10615 | D:10     | Noticed a two-headed ogre
 10624 | D:10     | Killed a two-headed ogre
 10718 | D:10     | Noticed Erolcha
 10730 | D:10     | Killed Erolcha
 10732 | D:10     | Noticed an unseen horror
 10740 | D:10     | Killed an unseen horror
 10847 | D:10     | Noticed Psyche
 10854 | D:10     | Killed Psyche
 10887 | D:10     | Noticed Joseph
 10904 | D:10     | Killed Joseph
 10909 | D:10     | Lost mutation: Your body sometimes deteriorates upon taking damage. [evolution]
 11040 | D:11     | Noticed a purple ugly thing
 11051 | D:11     | Killed a purple ugly thing
 11056 | D:11     | Lost mutation: One of your tentacles bears a spike. [mutagenic meat]
 11305 | D:11     | Reached XP level 12. HP: 41/75 MP: 25/25
 11375 | D:11     | Noticed a two-headed ogre
 11387 | D:11     | Killed a two-headed ogre
 11598 | D:11     | Found Tenumel's Magic Scroll Boutique.
 11610 | D:11     | Noticed a two-headed ogre
 11618 | D:11     | Killed a two-headed ogre
 11835 | Lair:1   | Entered Level 1 of the Lair of Beasts
 11987 | Lair:1   | Got a warped tin ring
 12131 | Lair:1   | Identified the ring of Finun {rN+ MR+} (You found it on level 1 of the Lair of Beasts)
 12140 | Lair:1   | Lost mutation: You expend magic power (3 MP) to strengthen your wands. [evolution]
 12159 | Lair:1   | Learned a level 4 spell: Fulminant Prism
 12755 | Lair:1   | Noticed a seven-headed hydra
 12765 | Lair:1   | Killed a seven-headed hydra
 12887 | Lair:1   | Reached ***** piety under Fedhas
 13022 | Lair:2   | Reached skill level 1 in Staves
 13346 | Lair:2   | Lost mutation: You rapidly evolve. [end of evolution]
 13633 | Lair:3   | Noticed Harold
 13646 | Lair:3   | Killed Harold
 14050 | Lair:3   | Reached XP level 13. HP: 41/81 MP: 27/27
 14321 | Lair:4   | Found a staircase to the Swamp.
 14684 | Lair:4   | Found a staircase to the Snake Pit.
 15463 | Lair:5   | Reached skill level 10 in Conjurations
 15606 | Lair:5   | Noticed Josephine
 15610 | Lair:5   | Killed Josephine
 15698 | Lair:5   | Learned a level 4 spell: Summon Lightning Spire
 15960 | Lair:5   | Found a staircase to the Slime Pits.
 16200 | Lair:6   | Entered Level 6 of the Lair of Beasts
 16227 | Lair:6   | Reached skill level 1 in Air Magic
 16248 | Lair:6   | Reached XP level 14. HP: 37/86 MP: 14/30
 16650 | Lair:6   | Reached skill level 10 in Evocations
 17558 | Lair:6   | Reached skill level 10 in Spellcasting
 18413 | D:9      | Lost mutation: You evolve. [end of evolution]
 18484 | Orc:1    | Entered Level 1 of the Orcish Mines
 18484 | Orc:1    | Noticed a stone giant
 18496 | Orc:1    | Killed a stone giant
 18560 | Orc:1    | Noticed Gastronok
 18602 | Orc:1    | Killed Gastronok
 18759 | Orc:1    | Found a radiant altar of Vehumet.
 18892 | Orc:1    | Reached skill level 5 in Staves
 19153 | Orc:2    | Entered Level 2 of the Orcish Mines
 19508 | Orc:2    | Found a roughly hewn altar of Beogh.
 19509 | Orc:2    | Found Seuschoa's Jewellery Shoppe.
 19863 | Orc:2    | Found a roughly hewn altar of Beogh.
 19864 | Orc:2    | Found Ocutyune's Gadget Emporium.
 20018 | Orc:2    | Found a roughly hewn altar of Beogh.
 20030 | Orc:2    | Found a staircase to the Elven Halls.
 20032 | Orc:2    | Found Jifo's Antique Armour Emporium.
 20070 | Orc:2    | Found a roughly hewn altar of Beogh.
 20115 | Orc:2    | Reached XP level 15. HP: 90/90 MP: 32/32
 20125 | Orc:2    | Found a roughly hewn altar of Beogh.
 20125 | Orc:2    | Noticed Sonja
 20129 | Orc:2    | Killed Sonja
 20243 | Orc:2    | Found a roughly hewn altar of Beogh.
 20427 | Orc:2    | Noticed an orc warlord
 20443 | Orc:2    | Killed an orc warlord
 20467 | Orc:2    | Reached ****** piety under Fedhas
 20476 | Orc:2    | Found Zitsyvak's Antique Weapon Shoppe.
 20477 | Orc:2    | Found a roughly hewn altar of Beogh.
 20479 | Orc:2    | Found Qawnio's Antique Armour Emporium.
 20493 | Orc:2    | Bought a buckler for 130 gold pieces
 20790 | D:12     | Reached skill level 1 in Shields
 21219 | D:12     | Reached skill level 1 in Summonings
 21240 | D:12     | Identified a scroll of acquirement
 21253 | D:12     | acquired hat of pondering!
 21253 | D:12     | nice!
 21382 | D:12     | found lightning rod
 21607 | D:13     | Reached skill level 2 in Shields
 21707 | D:13     | Noticed Azrael
 21715 | D:13     | Noticed Azrael
 21715 | D:13     | Azrael changed into Azrael the apocalypse crab
 21723 | D:13     | Killed Azrael the apocalypse crab
 21791 | D:13     | Gained mutation: Scrolls take you a little longer to read. [mutagenic meat]
 21822 | D:13     | Noticed Frances
 21829 | D:13     | Killed Frances
 22098 | D:13     | Found a bloodstained altar of Trog.
 22277 | D:13     | Reached skill level 3 in Shields
 22444 | D:13     | Lost mutation: Your mind is acute. (Int +2) [mutagenic meat]
 22445 | D:13     | Gained mutation: Your spells are a little harder to cast, but a little more powerful. [mutagenic meat]
 22446 | D:13     | Lost mutation: You have an increased reservoir of magic. (+10% MP) [mutagenic meat]
 22941 | D:14     | Reached skill level 5 in Air Magic
 23415 | D:14     | Found a gate to the Vaults.
 23460 | D:15     | Entered Level 15 of the Dungeon
 23498 | D:15     | Found a hide-covered altar of Uskayaw.
 23631 | D:15     | Gained mutation: You passively map a small area around you. [mutagenic meat]
 23632 | D:15     | Gained mutation: You are resistant to hostile enchantments. (MR+) [mutagenic meat]
 23895 | D:15     | Reached skill level 4 in Shields
 24095 | D:15     | Gained mutation: Potions are less effective at restoring your health. [mutagenic meat]
 24096 | D:15     | Gained mutation: Your mind is acute. (Int +2) [mutagenic meat]
 24292 | D:15     | Reached skill level 10 in Invocations
 24424 | D:15     | Found a staircase to the Depths.
 24427 | D:15     | Reached XP level 16. HP: 59/97 MP: 30/30
 24537 | D:15     | Got an ancient eveningstar
 24538 | D:15     | Identified the +3 eveningstar "Yrosh" {crush, Fragile +Fly rElec Str+6} (You found it on level 15 of the Dungeon)
 24539 | D:15     | fuuuuuuuck...... eveningstar +3, crush relec str6 fly, but Fragile.... what to do....
 24984 | Swamp:1  | Entered Level 1 of the Swamp
 24987 | Swamp:1  | Reached skill level 5 in Shields
 25442 | Swamp:1  | Reached skill level 1 in Maces & Flails
 25932 | Swamp:2  | Noticed a thorn hunter
 25980 | Swamp:2  | Reached skill level 5 in Fighting
 26060 | Swamp:2  | Reached skill level 6 in Shields
 26105 | Swamp:2  | Noticed Nikola
 26165 | Swamp:2  | Killed Nikola
 26443 | Swamp:2  | Reached skill level 10 in Dodging
 27002 | Swamp:3  | Reached skill level 7 in Shields
 27336 | Swamp:3  | Learned a level 3 spell: Regeneration
 27343 | Swamp:3  | Learned a level 6 spell: Deflect Missiles
 27524 | Swamp:4  | Entered Level 4 of the Swamp
 28410 | Swamp:4  | Got a decaying rune of Zot
 28746 | Swamp:1  | Noticed a thorn hunter
 28949 | Elf:1    | Entered Level 1 of the Elven Halls
 28958 | Elf:1    | Cast into level 2 of the Abyss (halberd of distortion)
 29014 | Abyss:2  | Noticed a hellephant
 29028 | Abyss:2  | Noticed a bone dragon
 29213 | Abyss:2  | Reached XP level 17. HP: 90/106 MP: 25/25
 29239 | Abyss:2  | Paralysed by accursed screaming for 2 turns
 29498 | Abyss:2  | Lost mutation: Your spells are a little harder to cast, but a little more powerful. [mutagenic meat]
 29499 | Abyss:2  | Gained mutation: Your body sometimes deteriorates upon taking damage. [mutagenic meat]
 29705 | Elf:1    | Escaped the Abyss
 29712 | Orc:2    | nearly died in elf... halberd of distortion..
 29858 | Snake:1  | Entered Level 1 of the Snake Pit
 30017 | Lair:4   | i need to abandon eveningstar.... don't have rpois for snake, and i need it for exp
 30365 | Snake:1  | Noticed Louise
 30370 | Snake:1  | Killed Louise
 31006 | Snake:2  | that eveningstar deals MASSIVE dmg if i don't miss
 31125 | Snake:2  | Reached skill level 8 in Shields
 31441 | Snake:2  | Found Joguni's Distillery.
 31441 | Snake:2  | Found Yckaseg's General Store.
 31441 | Snake:2  | Found Ziuva's General Store.
 31444 | Snake:2  | Found Foloof's Antique Armour Boutique.
 31471 | Snake:2  | Bought a potion of heal wounds for 75 gold pieces
 31481 | Snake:2  | Bought a potion of heal wounds for 65 gold pieces
 31494 | Snake:2  | im switching to sword of jihad soon though
 31497 | Snake:2  | Bought a potion of mutation for 37 gold pieces
 31502 | Snake:2  | Noticed Donald
 31526 | Snake:2  | Killed Donald
 31542 | Snake:2  | shield of reflect! great!
 32233 | Snake:2  | Reached skill level 9 in Shields
 32364 | Snake:2  | Found Otacvu's Gadget Boutique.
 32364 | Snake:2  | Noticed Agnes
 32381 | Snake:2  | Killed Agnes
 32545 | Snake:3  | Found Diumm's Magic Scroll Emporium.
 32795 | Snake:3  | got 34 fruits already, gotta remember about them
 32897 | Snake:3  | Reached skill level 10 in Shields
 33093 | Snake:3  | Found Reismam's Antique Armour Boutique.
 33123 | Snake:3  | Found a runed gate.
 33123 | Snake:3  | Found a runed gate.
 33123 | Snake:3  | Found a runed gate.
 33422 | Snake:3  | Reached skill level 11 in Shields
 33808 | Snake:3  | Found a runed door.
 33984 | Snake:3  | Reached XP level 18. HP: 114/114 MP: 34/34
 34005 | Snake:3  | Reached skill level 12 in Shields
 34109 | Snake:3  | Found Gommaaga's Jewellery Shoppe.
 34362 | Snake:3  | Bought a scroll of acquirement for 780 gold pieces
 34404 | Snake:3  | Bought the ring "Qaokhid" {Wiz *Drain rElec Str+9 Int+4} for 1182 gold pieces
 34405 | Snake:3  | Bought the ring "Vymodof" {Fire Dex-2 Slay+5} for 878 gold pieces
 34638 | Snake:3  | Reached skill level 13 in Shields
 34974 | Snake:4  | Entered Level 4 of the Snake Pit
 34977 | Snake:4  | Noticed Vashnia
 34991 | Snake:4  | Slain by an anaconda

Vault maps used:
D:1:      onia_arrival_larder, lemuel_old_faithful
D:2:      corner_web_ring, minmay_misc_feat_diagonals, uniq_terence,
          uniq_natasha
D:3:      tgw_xom
D:4:      old_standard_altar, uniq_blork_the_orc
D:5:      portal_sewer_entry_d, first_bread, roderic_batcave, st_stairs_1
D:7:      gammafunk_temple_overflow_forgotten, grunt_ogre_cave,
          grunt_decor_resistance, kb_lookout_dungeons_type,
          kennysheep_pointless_box, uniq_pikel
D:8:      minmay_lair_entry_grove, nemelex_diamond_rough_becter, uniq_maurice
D:9:      david_orc_1_choice, item_on_display_a
D:10:     uniq_erolcha, uniq_psyche, uniq_joseph, uniq_grum
D:11:     serial_shops, shop
D:13:     minmay_stone_trees_small, trog_wizard, uniq_azrael, uniq_frances
D:14:     david_vaults_4, fountainhead
D:15:     grunt_enter_depths_snipers, nicolae_water_bricks, basic_altar
Lair:1:   minmay_lair_oklob_chamber, infiniplex_staircase_pool_2,
          grunt_megastairs_5, lemuel_fruit_fields
Lair:2:   grunt_forest_stairs_clearing
Lair:3:   kennysheep_basilisk_garden, uniq_harold
Lair:4:   swamp_mist_pool, minmay_snake_entry_spellcaster,
          infiniplex_staircase_pool, grunt_megastairs_1
Lair:5:   beast_lair_carwin_large_1, nicolae_slime_entry_slimehenge,
          minmay_hedge_maze, uniq_josephine
Lair:6:   minmay_lair_end_frog_pond, cheibrodos_lair_lostbears
Swamp:1:  serial_swamp_ruin, evilmike_swamp_ruin_rubble_1,
          evilmike_swamp_ruin_house_3, hangedman_swamp_wriggling
Swamp:2:  cheibrodos_swamp_tower_of_moss, evilmike_swamp_ruin_house_1,
          uniq_nikola
Swamp:3:  hangedman_swamp_cone
Swamp:4:  swamp_fiery
Snake:1:  uniq_louise
Snake:2:  serial_shops, shop, nicolae_snake_serpentine_hallways,
          minmay_shop_grid_forest, grunt_megastairs_2, uniq_donald, uniq_agnes
Snake:3:  cheibrodos_toxic_ritual, serial_shops, shop, shop_scrolls,
          nicolae_shop_waterfront, grunt_ministairs_5,
          nicolae_snake_horde_hoard, lemuel_fruit_tree
Snake:4:  johnstein_snake_rune_scales, serial_shops, nicolae_shop_statue_plus,
          uniq_asterion
Orc:1:    basic_altar, uniq_gastronok
Orc:2:    grunt_orc_community_town_hall, grunt_orc_community_big_house_1,
          grunt_orc_community_big_house_1, grunt_orc_community_house_1,
          grunt_orc_community_house_1, grunt_orc_community_house_3,
          grunt_orc_community_house_1, serial_shops, shop, uniq_sonja
Elf:1:    eino_elf_arrival_altar, minivault_28
Sewer:    sewer_co_tree

Skill      XL: |  1  2  3  4  5  6  7  8  9 10 11 12 13 14 15 16 17 18 |
---------------+-------------------------------------------------------+-----
Stealth        | 3 4 5 6 8 |  8.8
Fighting       | 2 3 4 6 7 |  7.0
Invocations    | 1 2 3 4 5 6 7 8 9 10 11 | 11.4
Polearms       | 1 2 4 |  4.8
Dodging        | 3 4 5 6 7 8 9 10 11 | 11.1
Conjurations   | 1 3 5 6 8 9 10 11 | 11.5
Spellcasting   | 1 3 4 6 7 8 9 10 11 12 | 12.0
Charms         | 3 5 7 8 |  8.3
Evocations     | 4 6 8 9 11 12 | 12.3
Staves         | 2 3 5 6 |  6.5
Air Magic      | 1 3 5 |  5.5
Shields        | 4 7 11 13 | 13.5
Summonings     | 3 |  3.0
Maces & Flails | 4 |  4.5
Short Blades   | |  1.0

Action                   |  1- 3 |  4- 6 |  7- 9 | 10-12 | 13-15 | 16-18 || total
-------------------------+-------+-------+-------+-------+-------+-------++-------
Melee: Short sword       |    37 |    16 |     1 |       |       |       ||    54
       Constrict         |    12 |    30 |    69 |    62 |    86 |    84 ||   343
       Tentacles         |     7 |    22 |    62 |    76 |   190 |   192 ||   549
       Trident           |       |   101 |       |       |       |       ||   101
       Spear             |       |    39 |   376 |    75 |       |       ||   490
       Staff             |       |       |       |   282 |   676 |    11 ||   969
       Kick              |       |       |       |    38 |       |       ||    38
       Peck              |       |       |       |    66 |   178 |   207 ||   451
       Eveningstar       |       |       |       |       |       |   689 ||   689
 Cast: Magic Dart        |       |       |       |    51 |    35 |     3 ||    89
       Iskenderun's Myst |       |       |       |    10 |    50 |   266 ||   326
       Iskenderun's Batt |       |       |       |     9 |     7 |    41 ||    57
       Dazzling Spray    |       |       |       |     1 |       |       ||     1
       Summon Lightning  |       |       |       |       |     6 |    27 ||    33
       Searing Ray       |       |       |       |       |       |     3 ||     3
       Deflect Missiles  |       |       |       |       |       |     2 ||     2
       Regeneration      |       |       |       |       |       |    41 ||    41
Invok: Fungal Bloom      |       |    27 |    47 |    61 |    96 |    99 ||   330
       Evolution         |       |     1 |     4 |    11 |    18 |    18 ||    52
       Sunlight          |       |       |     1 |     8 |     6 |     5 ||    20
       Reproduction      |       |       |       |       |    10 |     4 ||    14
       Rain              |       |       |       |       |       |     1 ||     1
Evoke: Wand              |     4 |     6 |    14 |    11 |    31 |    25 ||    91
       Staff of Olgreb   |       |       |       |    58 |   235 |     4 ||   297
       Lightning rod     |       |       |       |       |     8 |    12 ||    20
  Use: Scroll            |       |     5 |     1 |    16 |    16 |    20 ||    58
       Potion            |       |     1 |     1 |     8 |     3 |    12 ||    25
 Stab: Sleeping          |     6 |    21 |    39 |    11 |    10 |    15 ||   102
       Confused          |       |     2 |     3 |     6 |     8 |     3 ||    22
       Paralysed         |       |       |     4 |       |       |       ||     4
       Petrifying        |       |       |     3 |       |       |       ||     3
       Distracted        |       |       |     1 |       |     4 |     6 ||    11
  Eat: Chunk             |       |     3 |    12 |     4 |    41 |    17 ||    77
       Bread ration      |       |     1 |     1 |       |       |     1 ||     3
       Pizza             |       |     1 |       |     1 |       |     2 ||     4
       Beef jerky        |       |       |     1 |     1 |     3 |     1 ||     6
       Meat ration       |       |       |       |     4 |     4 |     8 ||    16
       Royal jelly       |       |       |       |     1 |       |       ||     1
Armor: Skin              |     4 |     3 |    26 |    29 |    63 |    52 ||   177
Dodge: Dodged            |    32 |    78 |   168 |   231 |   476 |   669 ||  1654
       Deflected         |       |       |       |       |       |    16 ||    16
Block: Other             |       |       |    24 |    55 |    49 |       ||   128
       Buckler           |       |       |       |       |   123 |   227 ||   350
       Shield            |       |       |       |       |       |   462 ||   462
       Large shield      |       |       |       |       |       |   149 ||   149
       Reflection        |       |       |       |       |       |    52 ||    52
